 Dungeon Crawl Stone Soup version 0.21-a0-351-g38363bb (webtiles) character file.

2492 tidbits the Insei (level 9, 68/68 HPs)
             Began as a Gnoll Transmuter on Oct 9, 2017.
             Quit the game on level 4 of the Dungeon.
             The game lasted 00:30:15 (3508 turns).

tidbits the Insei (Gnoll Transmuter)                Turns: 3508, Time: 00:30:16

Health: 68/68      AC:  3    Str: 13    XL:     9   Next: 52%
Magic:  19/19      EV: 16    Int: 18    God:
Gold:   169        SH:  0    Dex: 16    Spells: 15/21 levels left

rFire    . . .     SeeInvis .   a - +1 whip (elec)
rCold    . . .     Gourm    .   (no shield)
rNeg     . . .     Faith    .   B - +0 robe
rPois    .         Spirit   .   E - +0 helmet
rElec    .         Reflect  .   (no cloak)
rCorr    .         Harm     .   (no gloves)
MR       .....                  (no boots)
Stlth    +++.......             (no amulet)
HPRegen  0.21/turn              (no ring)
MPRegen  0.16/turn              (no ring)

@: no status effects
A: distributed training, fangs 1, strong nose
a: no special abilities


You were on level 4 of the Dungeon.
You were not hungry.

You visited 1 branch of the dungeon, and saw 7 of its levels.
You also visited: Ossuary.

You collected 349 gold pieces.
You spent 180 gold pieces at shops.

Inventory:

Hand Weapons
 a - a +1 whip of electrocution (weapon)
   (You took it off a gnoll on level 6 of the Dungeon)
 i - a +0 war axe
 q - a +0 short sword of flaming
   (You took it off Terence on level 3 of the Dungeon)
 s - a +0 rapier of protection
   (You found it on level 4 of the Dungeon)
 t - a +2 whip of freezing
   (You took it off Pikel on level 4 of the Dungeon)
Missiles
 e - 2 throwing nets {!f}
 h - 8 javelins (quivered)
 j - 30 bolts
 k - 57 stones
Armour
 v - a +0 ring mail
 y - a +0 shield
 B - a +0 robe (worn)
 E - a +0 helmet (worn)
Wands
 b - a wand of confusion (10/48)
 C - a wand of flame (25/48)
 H - a wand of flame (16/48)
 I - a wand of random effects (18/48)
 J - a wand of clouds (3/9)
Scrolls
 f - 4 scrolls of enchant weapon
 l - a scroll of blinking {unknown}
 m - 7 scrolls of teleportation
 p - a scroll of random uselessness {unknown}
 r - 2 scrolls of remove curse
 u - a scroll of recharging {unknown}
 A - 2 scrolls of amnesia {unknown}
 G - a scroll of fog {unknown}
Potions
 n - 3 potions of curing
 w - 4 potions of brilliance
 x - a potion of mutation {unknown}
 z - 2 potions of agility
 D - a potion of haste {unknown}
 F - a potion of heal wounds
Books
 c - a book of Changes

   Spells                             Type                      Level
   a - Beastly Appendage              Transmutation                1
   b - Sticks to Snakes               Transmutation                2
   c - Spider Form                    Transmutation/Poison         3
   d - Ice Form                       Ice/Transmutation            4
   e - Blade Hands                    Transmutation                5
Comestibles
 d - 4 bread rations
 g - 2 royal jellies
 o - 3 meat rations


   Skills:
 + Level 5.0 Fighting
 + Level 4.2 Short Blades
 + Level 4.2 Long Blades
 + Level 4.2 Axes
 + Level 4.2 Maces & Flails
 + Level 4.2 Polearms
 + Level 4.2 Staves
 + Level 4.2 Slings
 + Level 4.2 Bows
 + Level 4.2 Crossbows
 + Level 4.2 Throwing
 + Level 4.2 Armour
 + Level 6.3 Dodging
 + Level 4.2 Stealth
 + Level 4.2 Shields
 + Level 7.9 Unarmed Combat
 + Level 6.6 Spellcasting
 + Level 4.2 Conjurations
 + Level 4.2 Hexes
 + Level 4.2 Charms
 + Level 4.2 Summonings
 + Level 4.2 Necromancy
 + Level 4.2 Translocations
 + Level 6.3 Transmutations
 + Level 4.2 Fire Magic
 + Level 4.2 Ice Magic
 + Level 4.2 Air Magic
 + Level 4.2 Earth Magic
 + Level 4.2 Poison Magic
 + Level 4.2 Invocations
 + Level 4.2 Evocations


You had 15 spell levels left.
You knew the following spells:

 Your Spells              Type           Power        Failure   Level  Hunger
e - Beastly Appendage     Tmut           ####..       1%          1    None
k - Sticks to Snakes      Tmut           ####....     1%          2    None
p - Spider Form           Tmut/Pois      ####......   3%          3    ##.....


Dungeon Overview and Level Annotations

Branches:
Dungeon (7/15)
 Temple: D:4-7

Altars:
Ru
Uskayaw
Vehumet
The Shining One

Shops:
D:6 }

Annotations:
D:3 Sigmund
D:6 nikopol's ghost, novice MiBe


Innate Abilities, Weirdness & Mutations

Your experience applies equally to all skills.
You have very sharp teeth.
Your uncanny sense of smell can sniff out nearby items.


Message History

There is an open door here.
Eating a chunk of flesh.
You eat the chunk of flesh.
This raw flesh tastes terrible.
Casting: Spider Form
Confirm with . or Enter, or press ? or * to list all spells.
You turn into a venomous arachnid creature.
Your +1 whip of electrocution melds into your body.
Your +0 helmet melds into your body.
Your +0 robe melds into your body.
Your +1 whip of electrocution stops crackling.
You open the door.
A frilled lizard comes into view.
Found a stone staircase leading down.
Really crawl into a travel-excluded area?
Okay, then.
Unknown command.
Really crawl into a travel-excluded area?
Uppercase [Y]es or [N]o only, please.
Really crawl into a travel-excluded area?
Okay, then.
Really crawl into a travel-excluded area?
There is an open door here.
Your transformation has ended.
Your +1 whip of electrocution unmelds from your body.
Your +0 helmet unmelds from your body.
Your +0 robe unmelds from your body.
You hear the crackle of electricity.
Ijyb shouts!
Ijyb misses you.
The frilled lizard hisses angrily.
You hit Ijyb but do no damage. You hit Ijyb but do no damage.
Ijyb hits you with a club.
Evoke which item? (* to show all) (? for menu, Esc to quit)
Aiming: Confuse
Press: ? - help, Shift-Dir - straight line, f - Ijyb
Aim: Ijyb, wielding a club and wearing a ring mail (chance to defeat MR: 67%) Ijyb struggles to resist.
This wand has 11 charges left.
Ijyb barely misses you.
Evoke which item? (* to show all) (? for menu, Esc to quit)
Aiming: Confuse
Press: ? - help, Shift-Dir - straight line, f/p - Ijyb
Aim: Ijyb, wielding a club and wearing a ring mail (chance to defeat MR: 67%) Ijyb appears confused.
This wand has 10 charges left.
Casting: Spider Form
Confirm with . or Enter, or press ? or * to list all spells.
You turn into a venomous arachnid creature.
Your +1 whip of electrocution melds into your body.
Your +0 helmet melds into your body.
Your +0 robe melds into your body.
Your +1 whip of electrocution stops crackling.
You bite the frilled lizard!
You kill the frilled lizard!
Found a mace.
You completely miss Ijyb. You hit Ijyb.
Ijyb is poisoned.
Ijyb is moderately wounded.
You hit Ijyb.
Ijyb looks as sick as possible!
Ijyb is moderately wounded.
You catch the helpless Ijyb completely off-guard!
You bite Ijyb!
Ijyb is severely wounded.
You strike the helpless Ijyb from behind!
You hit Ijyb but do no damage.
Ijyb looks as sick as possible!
Ijyb is severely wounded.
Ijyb screams, "Me be nice to you!
Me promise!"
You hit Ijyb.
Ijyb looks as sick as possible!
Ijyb is almost dead.
You kill Ijyb!
C - a wand of flame (?/48)
Things that are here:
a club; a ring mail; the goblin corpse of Ijyb
n - 3 potions of curing (gained 1)
Press: ? - help, v - describe, . - travel The floor.
Reduced exclusion size to a single square.
Removed exclusion.
Things that are here:
a club; a ring mail; the goblin corpse of Ijyb Your transformation is almost over.
You open the door.
There is an open door here.
Your transformation has ended.
Your +1 whip of electrocution unmelds from your body.
Your +0 helmet unmelds from your body.
Your +0 robe unmelds from your body.
You hear the crackle of electricity.
There is an open door here.
You open the door.
There is an open door here.
Found a stone staircase leading up.
There is a stone staircase leading up here.
You open the door.
There is an open door here.
Found 10 stones.
There is an open door here.
There is a stone staircase leading up here.
You climb upwards.
Level annotation: Sigmund An orc comes into view.
It is wielding a hand axe.
There is a stone staircase leading down here.
The orc moves out of view.
You climb downwards.
There is a stone staircase leading up here.
Are you sure you want to abandon this character and quit the game? (Confirm with "yes".)

#......# #........# #......#
#........# '......#
#####........#
#......#########.#.....######
#......#.........#.....#
.......'.........#.....#
.......#.........#.....#
.#######.........'.....# .#
#.........@#.....# .#
#..........#.....# ##
##....##...#.....######
#....########........#
#...... #........# #......#
#........# #......#
#........# ########
#........# ##########


There were no monsters in sight!

Vanquished Creatures
  The ghost of nikopol the Cleaver, a novice MiBe of Trog (D:5)
  Pikel (D:4)
  Eustachio (D:6)
  A slave (D:4)
  An ice beast (D:7)
  A phantom (D:6)
  A centaur (D:4)
  2 ogres
  A bullfrog (D:6)
  2 howler monkeys
  A crimson imp (D:7)
  A quasit (D:7)
  3 hounds
  A bullfrog skeleton (D:5)
  A jelly (D:3)
  2 orc priests
  3 orc wizards
  Ijyb (D:4)
  3 iguanas
  5 worker ants
  3 mummies (Ossuary)
  5 gnolls
  8 adders
  2 shadow imps
  A white imp (D:4)
  4 oozes
  4 adder zombies
  An adder skeleton (D:5)
  2 worms
  2 dart slugs
  5 leopard geckos
  8 orcs
  6 ball pythons
  6 bats
  5 giant cockroaches
  2 gnoll zombies (Ossuary)
  13 goblins
  11 hobgoblins
  9 jackals
  4 frilled lizards
  A goblin skeleton (D:4)
  3 goblin zombies
  2 hobgoblin zombies
  11 kobolds
  3 kobold skeletons (D:4)
  2 kobold zombies
  2 orc skeletons (D:4)
  3 orc zombies
  A quokka skeleton (D:3)
  5 rats
167 creatures vanquished.

Vanquished Creatures (collateral kills)
  A human zombie (Ossuary)
  Terence (D:3)
  A worker ant (D:5)
  A hound skeleton (D:4)
  A mummy (Ossuary)
  2 gnolls
  An adder (D:2)
  2 worms (D:5)
  2 goblins (D:2)
  A hobgoblin (D:2)
  A jackal (D:3)
  A jackal zombie (Ossuary)
  A kobold skeleton (D:4)
  An orc zombie (Ossuary)
17 creatures vanquished.

Grand Total: 184 creatures vanquished

Notes
Turn   | Place    | Note
-------+----------+-------------------------------------------
     0 | D:1      | tidbits the Gnoll Transmuter began the quest for the Orb.
     0 | D:1      | Reached XP level 1. HP: 17/17 MP: 6/6
    99 | D:1      | Reached XP level 2. HP: 23/23 MP: 5/7
   103 | D:1      | Learned a level 2 spell: Sticks to Snakes
   308 | D:1      | Reached XP level 3. HP: 23/28 MP: 5/9
   314 | D:1      | Reached skill level 5 in Spellcasting
   543 | D:2      | Learned a level 3 spell: Spider Form
   570 | D:2      | Reached skill level 1 in Short Blades
   570 | D:2      | Reached skill level 1 in Long Blades
   570 | D:2      | Reached skill level 1 in Axes
   570 | D:2      | Reached skill level 1 in Maces & Flails
   570 | D:2      | Reached skill level 1 in Polearms
   570 | D:2      | Reached skill level 1 in Staves
   570 | D:2      | Reached skill level 1 in Slings
   570 | D:2      | Reached skill level 1 in Bows
   570 | D:2      | Reached skill level 1 in Crossbows
   570 | D:2      | Reached skill level 1 in Throwing
   570 | D:2      | Reached skill level 1 in Armour
   570 | D:2      | Reached skill level 1 in Stealth
   570 | D:2      | Reached skill level 1 in Shields
   570 | D:2      | Reached skill level 1 in Conjurations
   570 | D:2      | Reached skill level 1 in Hexes
   570 | D:2      | Reached skill level 1 in Charms
   570 | D:2      | Reached skill level 1 in Summonings
   570 | D:2      | Reached skill level 1 in Necromancy
   570 | D:2      | Reached skill level 1 in Translocations
   570 | D:2      | Reached skill level 1 in Fire Magic
   570 | D:2      | Reached skill level 1 in Ice Magic
   570 | D:2      | Reached skill level 1 in Air Magic
   570 | D:2      | Reached skill level 1 in Earth Magic
   570 | D:2      | Reached skill level 1 in Poison Magic
   570 | D:2      | Reached skill level 1 in Invocations
   570 | D:2      | Reached skill level 1 in Evocations
   570 | D:2      | Reached XP level 4. HP: 9/34 MP: 6/11
   888 | D:3      | Reached XP level 5. HP: 20/40 MP: 8/12
   945 | D:3      | Noticed Sigmund
  1034 | D:3      | Reached skill level 3 in Fighting
  1094 | D:3      | Noticed Terence
  1117 | D:3      | Killed Terence
  1192 | D:3      | Reached XP level 6. HP: 33/47 MP: 8/13
  1278 | D:4      | Found a glowing golden altar of the Shining One.
  1292 | D:4      | Noticed Ijyb
  1370 | D:4      | Reached skill level 5 in Dodging
  1370 | D:4      | Reached skill level 5 in Transmutations
  1506 | D:4      | Reached skill level 2 in Short Blades
  1506 | D:4      | Reached skill level 2 in Long Blades
  1506 | D:4      | Reached skill level 2 in Axes
  1506 | D:4      | Reached skill level 2 in Maces & Flails
  1506 | D:4      | Reached skill level 2 in Polearms
  1506 | D:4      | Reached skill level 2 in Staves
  1506 | D:4      | Reached skill level 2 in Slings
  1506 | D:4      | Reached skill level 2 in Bows
  1506 | D:4      | Reached skill level 2 in Crossbows
  1506 | D:4      | Reached skill level 2 in Throwing
  1506 | D:4      | Reached skill level 2 in Armour
  1506 | D:4      | Reached skill level 2 in Stealth
  1506 | D:4      | Reached skill level 2 in Shields
  1506 | D:4      | Reached skill level 2 in Conjurations
  1506 | D:4      | Reached skill level 2 in Hexes
  1506 | D:4      | Reached skill level 2 in Charms
  1506 | D:4      | Reached skill level 2 in Summonings
  1506 | D:4      | Reached skill level 2 in Necromancy
  1506 | D:4      | Reached skill level 2 in Translocations
  1506 | D:4      | Reached skill level 2 in Fire Magic
  1506 | D:4      | Reached skill level 2 in Ice Magic
  1506 | D:4      | Reached skill level 2 in Air Magic
  1506 | D:4      | Reached skill level 2 in Earth Magic
  1506 | D:4      | Reached skill level 2 in Poison Magic
  1506 | D:4      | Reached skill level 2 in Invocations
  1506 | D:4      | Reached skill level 2 in Evocations
  1559 | D:4      | Noticed a slave
  1559 | D:4      | Noticed a slave
  1560 | D:4      | Noticed a slave
  1560 | D:4      | Noticed a slave
  1561 | D:4      | Noticed Pikel
  1577 | D:4      | Killed a slave
  1585 | D:4      | Killed Pikel
  1585 | D:4      | Reached skill level 7 in Unarmed Combat
  1585 | D:4      | Reached XP level 7. HP: 24/53 MP: 8/15
  1708 | D:4      | Reached XP level 8. HP: 31/60 MP: 11/16
  1826 | D:5      | Entered Level 5 of the Dungeon
  1849 | D:5      | Noticed nikopol's ghost (novice MiBe)
  1885 | D:5      | Killed nikopol's ghost
  1885 | D:5      | Reached skill level 4 in Fighting
  1885 | D:5      | Reached skill level 3 in Short Blades
  1885 | D:5      | Reached skill level 3 in Long Blades
  1885 | D:5      | Reached skill level 3 in Axes
  1885 | D:5      | Reached skill level 3 in Maces & Flails
  1885 | D:5      | Reached skill level 3 in Polearms
  1885 | D:5      | Reached skill level 3 in Staves
  1885 | D:5      | Reached skill level 3 in Slings
  1885 | D:5      | Reached skill level 3 in Bows
  1885 | D:5      | Reached skill level 3 in Crossbows
  1885 | D:5      | Reached skill level 3 in Throwing
  1885 | D:5      | Reached skill level 3 in Armour
  1885 | D:5      | Reached skill level 3 in Stealth
  1885 | D:5      | Reached skill level 3 in Shields
  1885 | D:5      | Reached skill level 6 in Spellcasting
  1885 | D:5      | Reached skill level 3 in Conjurations
  1885 | D:5      | Reached skill level 3 in Hexes
  1885 | D:5      | Reached skill level 3 in Charms
  1885 | D:5      | Reached skill level 3 in Summonings
  1885 | D:5      | Reached skill level 3 in Necromancy
  1885 | D:5      | Reached skill level 3 in Translocations
  1885 | D:5      | Reached skill level 3 in Fire Magic
  1885 | D:5      | Reached skill level 3 in Ice Magic
  1885 | D:5      | Reached skill level 3 in Air Magic
  1885 | D:5      | Reached skill level 3 in Earth Magic
  1885 | D:5      | Reached skill level 3 in Poison Magic
  1885 | D:5      | Reached skill level 3 in Invocations
  1885 | D:5      | Reached skill level 3 in Evocations
  2058 | D:6      | Found Woakelua's Gadget Boutique.
  2065 | D:6      | Noticed Eustachio
  2069 | D:6      | Bought a wand of confusion (18/48) for 180 gold pieces
  2105 | D:6      | Noticed nikopol's ghost (novice MiBe)
  2114 | D:6      | Killed Eustachio
  2114 | D:6      | Reached skill level 6 in Dodging
  2114 | D:6      | Reached skill level 6 in Transmutations
  2114 | D:6      | Reached XP level 9. HP: 55/66 MP: 14/18
  2139 | D:6      | Found a sand-covered staircase.
  2143 | Ossuary  | Entered an ossuary
  2501 | D:6      | Found a radiant altar of Vehumet.
  2697 | D:7      | Found a hide-covered altar of Uskayaw.
  2768 | D:7      | Reached skill level 4 in Short Blades
  2768 | D:7      | Reached skill level 4 in Long Blades
  2768 | D:7      | Reached skill level 4 in Axes
  2768 | D:7      | Reached skill level 4 in Maces & Flails
  2768 | D:7      | Reached skill level 4 in Polearms
  2768 | D:7      | Reached skill level 4 in Staves
  2768 | D:7      | Reached skill level 4 in Slings
  2768 | D:7      | Reached skill level 4 in Bows
  2768 | D:7      | Reached skill level 4 in Crossbows
  2768 | D:7      | Reached skill level 4 in Throwing
  2768 | D:7      | Reached skill level 4 in Armour
  2768 | D:7      | Reached skill level 4 in Stealth
  2768 | D:7      | Reached skill level 4 in Shields
  2768 | D:7      | Reached skill level 4 in Conjurations
  2768 | D:7      | Reached skill level 4 in Hexes
  2768 | D:7      | Reached skill level 4 in Charms
  2768 | D:7      | Reached skill level 4 in Summonings
  2768 | D:7      | Reached skill level 4 in Necromancy
  2768 | D:7      | Reached skill level 4 in Translocations
  2768 | D:7      | Reached skill level 4 in Fire Magic
  2768 | D:7      | Reached skill level 4 in Ice Magic
  2768 | D:7      | Reached skill level 4 in Air Magic
  2768 | D:7      | Reached skill level 4 in Earth Magic
  2768 | D:7      | Reached skill level 4 in Poison Magic
  2768 | D:7      | Reached skill level 4 in Invocations
  2768 | D:7      | Reached skill level 4 in Evocations
  3053 | D:6      | Reached skill level 5 in Fighting
  3120 | D:4      | Found a sacrificial altar of Ru.
  3417 | D:4      | Killed Ijyb
  3508 | D:4      | Quit the game

Vault maps used:
D:1:      dpeg_arrival_arbitrary_a
D:2:      cheibrodos_greedy_goblins
D:3:      first_bread, kennysheep_generic_room_16, uniq_terence, uniq_sigmund
D:4:      lemuel_upstairs_altar, minmay_temple_entry_butterflies,
          nicolae_tso_besieged_by_evil, uniq_ijyb, uniq_pikel
D:6:      serial_shops, shop_fountains, enter_ossuary_5,
          minmay_misc_feat_diagonals, vehumet_altar_wand_db, uniq_eustachio
D:7:      nicolae_overflow_crystal_walls
Ossuary:  ossuary_minmay_tomb_2a

Skill      XL: |  1  2  3  4  5  6  7  8  9 |
---------------+----------------------------+-----
Spellcasting   | 5 6 |  6.6
Short Blades   | 1 2 3 4 |  4.2
Long Blades    | 1 2 3 4 |  4.2
Axes           | 1 2 3 4 |  4.2
Maces & Flails | 1 2 3 4 |  4.2
Polearms       | 1 2 3 4 |  4.2
Staves         | 1 2 3 4 |  4.2
Slings         | 1 2 3 4 |  4.2
Bows           | 1 2 3 4 |  4.2
Crossbows      | 1 2 3 4 |  4.2
Throwing       | 1 2 3 4 |  4.2
Armour         | 1 2 3 4 |  4.2
Stealth        | 1 2 3 4 |  4.2
Shields        | 1 2 3 4 |  4.2
Conjurations   | 1 2 3 4 |  4.2
Hexes          | 1 2 3 4 |  4.2
Charms         | 1 2 3 4 |  4.2
Summonings     | 1 2 3 4 |  4.2
Necromancy     | 1 2 3 4 |  4.2
Translocations | 1 2 3 4 |  4.2
Fire Magic     | 1 2 3 4 |  4.2
Ice Magic      | 1 2 3 4 |  4.2
Air Magic      | 1 2 3 4 |  4.2
Earth Magic    | 1 2 3 4 |  4.2
Poison Magic   | 1 2 3 4 |  4.2
Invocations    | 1 2 3 4 |  4.2
Evocations     | 1 2 3 4 |  4.2
Fighting       | 3 4 5 |  5.0
Dodging        | 5 6 |  6.3
Transmutations | 5 6 |  6.3
Unarmed Combat | 7 |  7.9

Action                   |  1- 3 |  4- 6 |  7- 9 || total
-------------------------+-------+-------+-------++-------
Melee: Unarmed           |    85 |   165 |   223 ||   473
       Kick              |     9 |       |       ||     9
       Bite              |     5 |     3 |     1 ||     9
       Headbutt          |     6 |       |       ||     6
       Punch             |     1 |       |     1 ||     2
       Whip              |       |       |    37 ||    37
Throw: Javelin           |       |     3 |       ||     3
 Cast: Beastly Appendage |    13 |       |       ||    13
       Sticks to Snakes  |     3 |    12 |    20 ||    35
       Spider Form       |     1 |    25 |    26 ||    52
 Abil: End Transformatio |       |       |     3 ||     3
Evoke: Wand              |       |       |     8 ||     8
  Use: Scroll            |       |     3 |     4 ||     7
       Potion            |       |     2 |     3 ||     5
 Stab: Distracted        |       |     1 |     2 ||     3
       Sleeping          |       |     3 |     2 ||     5
       Confused          |       |       |     4 ||     4
  Eat: Chunk             |       |     5 |     3 ||     8
       Royal jelly       |       |       |     2 ||     2
       Fruit             |       |       |     1 ||     1
Armor: Robe              |    12 |     4 |    11 ||    27
       Skin              |       |     6 |    16 ||    22
Dodge: Dodged            |    50 |   132 |   201 ||   383

Table legend:
 A = Spawn XP
 B = Non-spawn XP
 C = Spawn XP percentage of total XP
 D = Spawn monster count
 E = Non-spawn monster count
 F = Spawn count percentage of total count
 G = Total turns spent on level
                    A         B        C        D         E        F      G
               +---------+---------+-------+---------+---------+-------+---------
         Total |       0 |    3560 |   0.0 |       0 |     183 |   0.0 |  3508
               +---------+---------+-------+---------+---------+-------+---------
           D:1 |       0 |      52 |   0.0 |       0 |      31 |   0.0 |   433
           D:2 |       0 |      84 |   0.0 |       0 |      22 |   0.0 |   380
           D:3 |       0 |     200 |   0.0 |       0 |      36 |   0.0 |   430
           D:4 |       0 |     961 |   0.0 |       0 |      30 |   0.0 |   774
           D:5 |       0 |     890 |   0.0 |       0 |      15 |   0.0 |   396
           D:6 |       0 |     872 |   0.0 |       0 |      22 |   0.0 |   442
           D:7 |       0 |     381 |   0.0 |       0 |      11 |   0.0 |   421
       Ossuary |       0 |     120 |   0.0 |       0 |      16 |   0.0 |   232
               +---------+---------+-------+---------+---------+-------+---------

Table legend:
 A = Turns spent in this place as a percentage of turns spent in the entire game.
 B = Non-inter-level travel turns spent in this place as a percentage of non-inter-level travel turns spent in the entire game.
 C = Inter-level travel turns spent in this place as a percentage of turns spent in this place.
 D = Turns resting spent in this place as a percentage of non-inter-level travel turns spent in this place.
 E = Turns spent auto-exploring this place as a percentage of non-inter-level travel turns spent in this place.
 F = Non-inter-level travel turns spent in this place divided by the number of levels of this place that you've seen.
                   A       B       C       D       E      F
               +-------+-------+-------+-------+-------+----------------------
         Total | 100.0 | 100.0 |   1.7 |   0.0 |   0.0 | 431.1
       Dungeon |  93.4 |  93.3 |   1.8 |   0.0 |   0.0 | 459.6
       Ossuary |   6.6 |   6.7 |   0.0 |   0.0 |   0.0 | 232.0
               +-------+-------+-------+-------+-------+----------------------

Table legend:
 A = Kills in this place as a percentage of kills in entire the game.
 B = Kills by you in this place as a percentage of kills by you in the entire game.
 C = Kills by friends in this place as a percentage of kills by friends in the entire game.
 D = Other kills in this place as a percentage of other kills in the entire game.
 E = Experience gained in this place as a percentage of experience gained in the entire game.
 F = Experience gained in this place divided by the number of levels of this place that you have seen.
                   A       B       C       D       E      F
               +-------+-------+-------+-------+-------+----------------------
         Total | 100.0 | 100.0 | 100.0 |   N/A | 100.0 | 445.0
       Dungeon |  91.3 |  92.8 |  76.5 |   N/A |  96.6 | 491.4
       Ossuary |   8.7 |   7.2 |  23.5 |   N/A |   3.4 | 120.0
               +-------+-------+-------+-------+-------+----------------------

Vault maps used:
D:1:      dpeg_arrival_arbitrary_a
D:2:      cheibrodos_greedy_goblins
D:3:      first_bread, kennysheep_generic_room_16, uniq_terence, uniq_sigmund
D:4:      lemuel_upstairs_altar, minmay_temple_entry_butterflies,
          nicolae_tso_besieged_by_evil, uniq_ijyb, uniq_pikel
D:6:      serial_shops, shop_fountains, enter_ossuary_5,
          minmay_misc_feat_diagonals, vehumet_altar_wand_db, uniq_eustachio
D:7:      nicolae_overflow_crystal_walls
Ossuary:  ossuary_minmay_tomb_2a
